 Dungeon Crawl Stone Soup version 0.27-a0-277-g024f7ef292 (webtiles) character file.

Game seed: 15794968302822648698

231 Nattfarinn the Chiller (level 6, -2/41 HPs)
             Began as a Barachi Ice Elementalist on Feb 6, 2021.
             Slain by an ogre
             ... wielding a +0 giant club
              (7 damage)
             ... on level 4 of the Dungeon.
             The game lasted 00:06:34 (3386 turns).

Nattfarinn the Chiller (Barachi Ice Elementalist)   Turns: 3386, Time: 00:06:35

Health: -2/41      AC:  3    Str: 10    XL:     6   Next: 3%
Magic:  16/20      EV: 12    Int: 17    God:
Gold:   199        SH:  0    Dex: 12    Spells: 8/12 levels left

rFire    . . .     SeeInvis .   n - +0 spear (vorpal)
rCold    . . .     Faith    .   (no shield)
rNeg     . . .     Spirit   .   a - +0 robe
rPois    .         Reflect  .   m - +0 hat
rElec    .         Harm     .   k - +0 cloak
rCorr    .         Rampage  .   (no gloves)
Will     .....                  (no boots)
Stlth    ++........             (no amulet)
HPRegen  0.13/turn              c - ring of magical power
MPRegen  0.17/turn              (no ring)

@: frozen ramparts, slow
A: +LOS, swims, slowness 1, strong legs 1
a: Hop


You were on level 4 of the Dungeon.
You visited 1 branch of the dungeon, and saw 4 of its levels.

You collected 199 gold pieces.

Inventory:

Hand Weapons
 b - a +0 dagger
 n - a +0 vorpal spear (weapon)
Armour
 a - a +0 robe (worn)
 k - a +0 cloak (worn)
 m - a +0 hat (worn)
 p - a +0 buckler
Jewellery
 c - a ring of magical power (left hand)
 o - a cursed ring of teleportation {unknown}
Scrolls
 d - 2 scrolls of amnesia {unknown}
 e - a scroll of enchant weapon {unknown}
 g - 3 scrolls of identify {unknown}
 h - 3 scrolls of remove curse {unknown}
 q - a scroll of enchant armour {unknown}
Potions
 f - a potion of cancellation {unknown}
 i - a potion of flight {unknown}
 j - a potion of curing
 l - a potion of attraction


   Skills:
 - Level 2.1 Dodging
 - Level 1.7 Stealth
 + Level 3.9 Spellcasting
 * Level 7.5 Ice Magic


You had 8 spell levels left.
You knew the following spells:

 Your Spells              Type           Power        Failure   Level
a - Freeze                Ice            100%         1%          1
b - Frozen Ramparts       Ice            56%          2%          3

Your spell library contained the following spells:

 Spells                   Type           Power        Failure   Level
 Ozocubu's Armour         Ice            28%          2%          3
 Hailstorm                Conj/Ice       16%          34%         4
 Summon Ice Beast         Ice/Summ       16%          34%         4


Dungeon Overview and Level Annotations

Branches:
Dungeon (4/15)
 Temple: D:4-7

Altars:
Qazlal

Annotations:
D:4 Blork the orc


Innate Abilities, Weirdness & Mutations

You can be seen from farther away. (+LOS)
You can swim through water.
You cover ground slowly.
You can hop short distances.


Message History

Aiming: Freeze (safe; 1% risk of failure)
Press: ? - help, Shift-Dir - straight line, f/p - ogre
Aim: an ogre, wielding a +0 giant club (heavily wounded)
You freeze the ogre.
The ogre is severely wounded.
The leopard gecko skeleton completely resists.
The wall freezes the leopard gecko skeleton but does no damage.
The wall freezes the ogre.
The ogre hits you with a +0 giant club!
* * * LOW HITPOINT WARNING * * *
Casting: Freeze (safe; 1% risk of failure)
Confirm with . or Enter, or press ? or * to list all spells.
Aiming: Freeze (safe; 1% risk of failure)
Press: ? - help, Shift-Dir - straight line, f/p - ogre
Aim: an ogre, wielding a +0 giant club (almost dead)
You freeze the ogre.
The ogre is almost dead.
The leopard gecko skeleton completely resists.
The wall freezes the leopard gecko skeleton but does no damage.
The wall freezes the ogre.
The ogre hits you with a +0 giant club!
You die...

.... ..o#
#####.########...#
#................#
#.##.........# ..#
#.##.........+ .!
#.##.........##.# ..
#.#######<......##....
#.############$.......
#.........@OZ'........
##############.....###
.....# .o..## ....#
....# ..... ......
.......


You could see an ogre and a leopard gecko skeleton.

Vanquished Creatures
  2 jellies (D:3)
  An iguana (D:2)
  3 adders
  8 oozes (D:3)
  2 worms (D:2)
  3 dart slugs
  2 leopard geckos (D:2)
  An orc (D:4)
  4 giant cockroaches
  6 hobgoblins
  7 jackals (D:1)
  12 kobolds
  2 ball pythons
  7 bats
  2 frilled lizards
  2 goblins (D:1)
  8 rats
72 creatures vanquished.

Vanquished Creatures (others)
  5 fungi (D:3)
  A plant (D:2)
  10 toadstools (D:3)
16 creatures vanquished.

Grand Total: 88 creatures vanquished

Notes
Turn   | Place    | Note
-------+----------+-------------------------------------------
     0 | D:1      | Nattfarinn the Barachi Ice Elementalist began the quest for
                  | the Orb.
     0 | D:1      | Reached XP level 1. HP: 13/13 MP: 3/3
   147 | D:1      | Reached skill level 5 in Ice Magic
   363 | D:1      | Reached XP level 2. HP: 16/19 MP: 5/5
   787 | D:1      | Reached XP level 3. HP: 24/24 MP: 7/7
  1243 | D:2      | Found a stormy altar of Qazlal.
  1348 | D:2      | Reached skill level 6 in Ice Magic
  1424 | D:2      | Learned a level 3 spell: Frozen Ramparts
  1477 | D:2      | Reached XP level 4. HP: 30/30 MP: 8/8
  2799 | D:3      | Reached XP level 5. HP: 35/35 MP: 10/10
  3004 | D:3      | Reached skill level 7 in Ice Magic
  3231 | D:3      | Reached XP level 6. HP: 40/41 MP: 11/11
  3344 | D:4      | Noticed Blork the orc
  3386 | D:4      | Slain by an ogre

Illustrated notes

Levels and vault maps discovered:
D:1:      dpeg_arrival_radiant, layout_loops_ring
D:2:      layout_loops_corners, nicolae_overflow_crystal_walls,
          serial_bayou_pond_a
D:3:      cheibrodos_fertilizer, layout_basic
D:4:      layout_basic, nicolae_overflow_hidden_temple,
          cheibrodos_sewer_entry_bend, uniq_crazy_yiuf_cottage,
          uniq_blork_the_orc, uniq_pikel

Skill      XL: |  1  2  3  4  5 |
---------------+----------------+-----
Ice Magic      | 5 6 7 |  7.5
Spellcasting   | 3 |  3.9
Dodging        | |  2.1
Stealth        | |  1.7

Action                   |  1- 3 |  4- 6 || total
-------------------------+-------+-------++-------
Melee: Dagger            |    12 |     9 ||    21
       Spear             |       |    55 ||    55
 Cast: Freeze            |    51 |     4 ||    55
       Frozen Ramparts   |     2 |    15 ||    17
  Use: Potion            |       |     2 ||     2
 Stab: Sleeping          |     1 |     3 ||     4
Armor: Robe              |    10 |    11 ||    21
Dodge: Dodged            |    34 |    32 ||    66

Table legend: (Time is in decaauts)
 A = Elapsed time spent in this place.
 B = Non-inter-level travel time spent in this place.
 C = Inter-level travel time spent in this place.
 D = Time resting spent in this place.
 E = Time spent auto-exploring this place.
 F = Levels seen in this place.
 G = Mean time per level.
                   A        B        C        D        E       F      G
               +--------+--------+--------+--------+--------+-----+--------+
         Total |   3793 |   3674 |    119 |    706 |   2480 |   4 |  948.2 |
       Dungeon |   3793 |   3674 |    119 |    706 |   2480 |   4 |  948.2 |
               +--------+--------+--------+--------+--------+-----+--------+

Top non-repeatable levels by time:
     D:2: 1398 daAuts
     D:1: 1356 daAuts
     D:3: 991 daAuts
     D:4: 47 daAuts
